AoeStats
← Jorf

Black Forest

508951204Analyzed
4v4 RM · 9d ago on Sep 24, 2026· 61m 4s· 8 players
Game mode
Random Map
Map size
Large (8 player)
Population
200
Speed
Normal
Resources
Standard
Victory
Conquest
Starting age
Dark Age
Ending age
Imperial Age
RankedLock teamsTeams togetherTeam positionsShared explorationLock speedFull tech treeHidden civsTurbo modeCheats
Victory
Defeat
🇲🇽 Cumans · Mexico
691
+13
🇨🇿 Khmer · Czechia
687
+13
🇫🇷 Slavs · France
674
+14
🇲🇽 Sicilians · Mexico
534
+20
🇧🇷 Byzantines · Brazil
645
-16
🇮🇳 Malians · India
624
-15
🇩🇪 Turks · Germany
617
-15
🇮🇳 Franks · India
602
-14
Laulipauliquappenkauli
12:56 Feudal Age
13:15 Man-at-Arms
16:21 Double-Bit Axe
16:29 Gold Mining
16:57 Horse Collar
23:03 Scale Mail Armor
25:38 Castle Age
24:25 Wheelbarrow
24:03 Stone Mining
28:00 Hand Cart
32:58 Imperial Age
31:51 Gold Shaft Mining
33:20 Heavy Plow
33:34 Bow Saw
34:43 Fletching
35:06 Masonry
34:48 Heated Shot
37:23 Elite Janissary
46:00 Caravan
Jorf
0:46 Loom
12:47 Feudal Age
13:15 Double-Bit Axe
18:57 Horse Collar
21:21 Castle Age
21:06 Stone Mining
21:08 Gold Mining
22:45 Forging
23:38 Bow Saw
23:58 Heavy Plow
28:35 Pikeman
29:16 Squires
29:05 Pikeman
35:50 Imperial Age
34:04 Murder Holes
34:31 Ballistics
37:01 Conscription
37:32 Stone Shaft Mining
37:34 Gold Shaft Mining
37:15 Halberdier
39:17 Two-Man Saw
40:47 Crop Rotation
41:45 Wheelbarrow
41:45 Elite Skirmisher
45:28 Chemistry
44:40 Fortified Wall
45:15 Hand Cart
Inf3rnalSpark
0:29 Loom
10:14 Feudal Age
11:41 Wheelbarrow
10:51 Town Watch
11:02 Double-Bit Axe
13:09 Gold Mining
16:41 Man-at-Arms
17:41 Arson
24:02 Castle Age
23:59 Forging
23:50 Scale Mail Armor
23:52 Padded Archer Armor
23:45 Fletching
24:13 Horse Collar
25:34 Town Patrol
25:40 Squires
26:25 Gold Shaft Mining
26:04 Bow Saw
25:59 Stone Mining
25:33 Long Swordsman
26:55 Husbandry
27:06 Horse Collar
27:44 Crossbowman
29:26 Chain Mail Armor
29:47 Iron Casting
29:59 Stone Shaft Mining
29:55 Pikeman
30:55 Thumb Ring
32:20 Hand Cart
36:21 Ballistics
36:12 Masonry
37:35 Leather Archer Armor
39:09 Murder Holes
39:56 Iron Casting
42:22 Fortified Wall
43:04 Bloodlines
43:31 Caravan
45:56 Scale Barding Armor
50:50 Imperial Age
51:18 Two-Handed Swordsman
51:43 Cavalier
Asmo
0:32 Loom
14:12 Feudal Age
21:42 Scale Mail Armor
21:07 Man-at-Arms
21:33 Arson
25:58 Castle Age
24:26 Double-Bit Axe
24:51 Stone Mining
24:58 Gold Mining
27:39 Long Swordsman
28:13 Gambesons
31:53 Scale Barding Armor
32:00 Forging
32:23 Murder Holes
34:59 Husbandry
37:30 Gold Shaft Mining
40:46 Caravan
41:59 Wheelbarrow
45:10 Imperial Age
44:06 Fortified Wall
44:57 Bow Saw
46:03 Cavalier
47:54 Paladin
52:12 Conscription
52:47 Chain Barding Armor
53:04 Iron Casting
55:53 Plate Barding Armor
56:32 Blast Furnace
All Along the Watchtower
0:27 Loom
14:28 Feudal Age
15:45 Wheelbarrow
14:58 Double-Bit Axe
20:10 Horse Collar
21:32 Gold Mining
23:23 Stone Mining
26:13 Castle Age
27:15 Hand Cart
27:14 Bow Saw
30:58 Fortified Wall
30:43 Murder Holes
30:59 Heavy Plow
31:37 Gold Shaft Mining
32:21 Caravan
34:13 Man-at-Arms
38:59 Imperial Age
37:49 Detinets
38:59 Long Swordsman
40:51 Forging
40:42 Scale Mail Armor
40:44 Two-Handed Swordsman
42:54 Two-Man Saw
42:26 Crop Rotation
42:28 Druzhina
43:06 Iron Casting
42:47 Chain Mail Armor
42:24 Champion
44:50 Blast Furnace
44:25 Town Watch
44:26 Capped Ram
45:48 Plate Mail Armor
47:31 Pikeman
49:04 Halberdier
51:24 Squires
53:21 Siege Ram
56:01 Crossbowman
56:02 Elite Skirmisher
56:03 Heavy Cavalry Archer
56:04 Cavalier
56:44 Husbandry
56:05 Light Cavalry
56:55 Bloodlines
56:06 Onager
57:10 Conscription
57:25 Hoardings
56:58 Scale Barding Armor
56:53 Padded Archer Armor
59:31 Chain Barding Armor
59:27 Leather Archer Armor
59:02 Fletching
58:36 Hussar
58:37 Siege Onager
Notgreat Notterrible
0:28 Loom
10:32 Feudal Age
11:27 Town Watch
13:51 Double-Bit Axe
14:21 Horse Collar
18:31 Gold Mining
21:29 Castle Age
19:23 Stone Mining
22:47 Town Patrol
34:51 Stone Shaft Mining
34:18 Heavy Plow
34:58 Gold Shaft Mining
34:37 Bow Saw
36:56 Scale Barding Armor
36:53 Padded Archer Armor
36:43 Fletching
37:04 Forging
36:54 Scale Mail Armor
37:07 Fortified Wall
36:52 Murder Holes
37:18 Ballistics
36:50 Heated Shot
37:11 Masonry
39:40 Imperial Age
39:34 Chain Barding Armor
39:29 Leather Archer Armor
39:10 Bodkin Arrow
40:26 Wheelbarrow
40:14 Caravan
40:01 Heavy Scorpion
43:07 Double Crossbow
43:09 Arson
42:45 Pikeman
43:59 Halberdier
45:19 Conscription
45:47 Crop Rotation
46:23 Chemistry
45:29 Siege Engineers
45:55 Architecture
45:28 Bracer
47:45 Plate Barding Armor
47:25 Chain Mail Armor
47:41 Ring Archer Armor
47:46 Iron Casting
56:11 Blast Furnace
55:36 Hand Cart
55:16 Capped Ram
56:46 Siege Ram
58:06 Hoardings
57:32 Tusk Swords
56:55 Elite Ballista Elephant
56:59 Man-at-Arms
MASTER JARA 117
3:47 Loom
12:34 Feudal Age
13:16 Town Watch
13:22 Double-Bit Axe
17:24 Fletching
20:19 Castle Age
19:23 Horse Collar
22:32 Bow Saw
27:21 Wheelbarrow
32:46 Bodkin Arrow
36:50 Gold Mining
39:39 Imperial Age
38:51 Scale Mail Armor
39:04 Forging
39:02 Scale Barding Armor
39:37 Murder Holes
40:19 Ballistics
40:57 Stone Mining
44:11 Gold Shaft Mining
43:41 Bracer
46:24 Chemistry
45:54 Chain Barding Armor
46:10 Iron Casting
45:55 Husbandry
46:07 Bloodlines
47:48 Plate Barding Armor
47:20 Cavalier
48:19 Caravan
48:44 Heavy Plow
49:35 Stone Shaft Mining
51:15 Hauberk
52:20 Blast Furnace
53:58 First Crusade
53:44 Scale Mail Armor
54:03 Arrowslits
54:48 Chain Mail Armor
56:01 Plate Mail Armor
58:55 Hand Cart
60:06 Town Patrol
61:15 Crop Rotation
inquicidor123
0:38 Loom
12:29 Feudal Age
13:04 Double-Bit Axe
15:00 Man-at-Arms
23:53 Gold Mining
24:17 Scale Mail Armor
24:28 Forging
28:24 Castle Age
29:23 Long Swordsman
31:06 Stone Mining
31:27 Fletching
31:43 Padded Archer Armor
31:58 Arson
32:30 Horse Collar
34:43 Bow Saw
34:23 Pikeman
35:06 Squires
35:16 Capped Ram
36:05 Bodkin Arrow
36:26 Leather Archer Armor
38:07 Steppe Husbandry
44:49 Town Watch
46:47 Ballistics
46:52 Scale Barding Armor
47:31 Wheelbarrow
51:28 Imperial Age
52:57 Elite Steppe Lancer
54:41 Chemistry
55:57 Chain Barding Armor
56:09 Ring Archer Armor
57:12 Two-Man Saw
56:51 Caravan
58:57 Elite Kipchak
60:20 Cuman Mercenaries
Connection lost

Rejoining the realm…

Still unreachable

The connection could not be restored.

Session expired

The server has moved on; the page needs a fresh start.